 Dungeon Crawl Stone Soup version 0.19.0 (webtiles) character file.

727 PurpleRed the Chopper (level 7, -9/63 HPs)
             Began as a Minotaur Fighter on Nov 5, 2016.
             Mangled by an ogre
             ... wielding a cursed -3 giant spiked club
              (20 damage)
             ... on level 4 of the Dungeon.
             The game lasted 00:03:07 (3181 turns).

PurpleRed the Chopper (Minotaur Fighter)            Turns: 3181, Time: 00:03:07

Health: -9/63      AC: 14    Str: 22    XL:     7   Next: 44%
Magic:  6/6        EV:  4    Int:  5    God:
Gold:   152        SH:  9    Dex: 10    Spells: 0 memorised, 6 levels left

rFire  . . .     SeeInvis .     a - +0 war axe
rCold  . . .     Gourm    .     q - +0 plate armour
rNeg   . . .     Faith    .     c - +0 shield
rPois  .         Spirit   .     (helmet restricted)
rElec  .         Reflect  .     (no cloak)
rCorr  .         Harm     .     (no gloves)
MR     .....                    p - +1 pair of boots
Stlth  ..........               (no amulet)
                                (no ring)
                                (no ring)

@: no status effects
A: retaliatory headbutt, horns 2
a: no special abilities


You were on level 4 of the Dungeon.
You were not hungry.

You visited 1 branch of the dungeon, and saw 4 of its levels.

You collected 152 gold pieces.

Inventory:

Hand Weapons
 a - a +0 war axe (weapon)
Armour
 c - a +0 shield (worn)
 p - a +1 pair of boots (worn)
 q - a +0 plate armour (worn)
Jewellery
 o - an uncursed ring of positive energy {unknown}
Scrolls
 b - a scroll of recharging
 e - a scroll of identify {unknown}
 k - a scroll of remove curse
 r - a scroll of teleportation
Potions
 d - a potion of mutation {unknown}
 l - a potion of agility {unknown}
 n - 7 potions of curing {unknown}
Comestibles
 f - 4 bread rations
 g - a meat ration
 h - 5 chunks of flesh
 j - 2 fruits


   Skills:
 + Level 6.2 Fighting
 * Level 7.5 Axes
 + Level 5.8 Armour
 - Level 3.6 Shields


You had 6 spell levels left.
You didn't know any spells.

Dungeon Overview and Level Annotations

Branches:
Dungeon (4/15)
 Temple: D:4-7

Altars:
Sif Muna
Yredelemnul
The Shining One


Innate Abilities, Weirdness & Mutations

You reflexively headbutt those who attack you in melee.
You have a pair of horns on your head.


Message History

You are too injured to fight recklessly!
You are too injured to fight recklessly!
You are too injured to fight recklessly!
You are too injured to fight recklessly!
You are too injured to fight recklessly!
You are too injured to fight recklessly!
You hit the ogre.
You headbutt the ogre, but do no damage.
The ogre is severely wounded.
The ogre hits you with a giant spiked club!
You closely miss the ogre.
The ogre is severely wounded.
You closely miss the ogre.
The ogre is severely wounded.
The ogre hits you with a giant spiked club!
* * * LOW HITPOINT WARNING * * *
You slash the ogre!
The ogre is almost dead.
The ogre hits you with a giant spiked club!!
You die...

###*******#######
#..,,,,,,,.......
#####.##************#
#......# # #....(.# #
#..O†..# #
#...@..####### #
#####'###....# #
#.###....# #
####'##.....# #
#...........# #
#...........########
#...>.......+.......
#######.....########
#.....#.......


You could see an ogre.

Vanquished Creatures
  2 ogres (D:4)
  The ghost of PurpleRed the Skirmisher, an amateur MiFi (D:3)
  A phantom (D:4)
  A scorpion (D:4)
  An orc wizard (D:3)
  An iguana (D:4)
  Natasha (twice) (D:4)
  4 worker ants (D:4)
  4 adders
  An adder skeleton (D:4)
  2 dart slugs (D:2)
  4 leopard geckos
  12 orcs
  5 bats
  4 giant cockroaches
  4 goblins
  9 hobgoblins
  6 jackals
  5 kobolds
  3 quokkas (D:2)
  A ball python (D:2)
  4 frilled lizards
  8 rats
85 creatures vanquished.

Notes
Turn   | Place    | Note
-------+----------+-------------------------------------------
     0 | D:1      | PurpleRed the Minotaur Fighter began the quest for the Orb.
     0 | D:1      | Reached XP level 1. HP: 19/19 MP: 0/0
    73 | D:1      | Reached skill level 3 in Axes
    73 | D:1      | Reached XP level 2. HP: 27/27 MP: 1/1
   695 | D:1      | Reached XP level 3. HP: 33/33 MP: 2/2
  1093 | D:2      | Reached skill level 4 in Axes
  1148 | D:2      | Found a deep blue altar of Sif Muna.
  1521 | D:3      | Reached XP level 4. HP: 33/41 MP: 3/3
  1543 | D:3      | Noticed PurpleRed's ghost (amateur MiFi)
  1551 | D:3      | Killed PurpleRed's ghost
  1551 | D:3      | Reached skill level 5 in Fighting
  1551 | D:3      | Reached skill level 5 in Axes
  1551 | D:3      | Reached XP level 5. HP: 29/48 MP: 4/4
  1881 | D:3      | Found a faded altar of an unknown god.
  2109 | D:3      | Found a glowing golden altar of the Shining One.
  2139 | D:3      | Found a basalt altar of Yredelemnul.
  2401 | D:4      | Reached XP level 6. HP: 55/56 MP: 5/5
  2439 | D:4      | Reached skill level 6 in Axes
  2439 | D:4      | Reached skill level 5 in Armour
  2967 | D:4      | Noticed Natasha
  2976 | D:4      | Killed Natasha
  2989 | D:4      | Reached skill level 7 in Axes
  2989 | D:4      | Reached XP level 7. HP: 41/62 MP: 6/6
  2992 | D:4      | Noticed Natasha
  2999 | D:4      | Killed Natasha
  3181 | D:4      | Mangled by an ogre

Skill      XL: |  1  2  3  4  5  6  7 |
---------------+----------------------+-----
Axes           | 3 4 5 7 |  7.5
Fighting       | 4 5 6 |  6.2
Armour         | 4 5 |  5.8
Shields        | |  3.6

Action                   |  1- 3 |  4- 6 |  7- 9 || total
-------------------------+-------+-------+-------++-------
Melee: War axe           |   112 |    92 |    27 ||   231
       Headbutt          |    13 |    15 |     5 ||    33
  Use: Potion            |       |     1 |       ||     1
       Scroll            |       |     7 |       ||     7
  Eat: Chunk             |     2 |     4 |     2 ||     8
Armor: Scale mail        |    42 |       |       ||    42
       Plate armour      |    17 |    69 |     4 ||    90
Dodge: Dodged            |    30 |    22 |     7 ||    59
Block: Shield            |    57 |    55 |     7 ||   119
